[Event "IV Estrellas 2022"]
[Site "La Palma"]
[Date "2022.08.08"]
[Round "4.4"]
[White "Miranda Herrera, Miguel"]
[Black "Kurajica, Bojan"]
[Result "0-1"]
[ECO "B22"]
[WhiteElo "1904"]
[BlackElo "2525"]
[Annotator "TA"]
[PlyCount "104"]
[EventDate "2022.08.06"]
[EventType "swiss"]
[EventCountry "ESP"]
[SourceTitle "playchess.com"]
[Source "ChessBase"]
[SourceQuality "1"]
[TimeControl "5400+30"]

1. e4 c5 2. c3 d5 3. exd5 Qxd5 4. d4 Nf6 5. Nf3 e6 6. Na3 cxd4 7. Nb5 Na6 8. Qxd4 Bc5 9. Qxd5 Nxd5 10. b4 {[%emt 0:00:04] B22: Sicilian: 2 c3.} Be7 11. a3 Bf6 12. Bd2 {[%emt 0:04:55] The position is equal.} Ke7 {[%emt 0:03:02] Prevents Nd6.} 13. Rc1 Bd7 {[%emt 0:00:23] [#]} 14. Nbd4 $146 ({Predecessor:} 14. g4 g6 15. g5 Bg7 16. h4 Bc6 17. Nbd4 Bxd4 18. Nxd4 Ndxb4 19. Rh3 e5 20. cxb4 exd4 21. Bxa6 {1-0 (50) McLaren,L (2236)-Li,S (2007) Auckland 2016}) 14... e5 15. Nb3 Rac8 16. c4 Ba4 17. Na5 (17. cxd5 Bxb3 18. Bxa6 Rxc1+ 19. Bxc1 Rc8 $17) 17... e4 18. Ng1 (18. cxd5 $6 Rxc1+ 19. Bxc1 exf3 $11) (18. Nxb7 $6 exf3 19. cxd5 Rxc1+ 20. Bxc1 Rc8 $11) (18. Ng5 $1 $16 e3 19. fxe3 $1) 18... Ndc7 $14 19. Nxb7 {[%emt 0:19:28] Threatens to win with b5.} Rb8 $1 20. Na5 Rbd8 {[%emt 0:00:43][%cal Od8d2] Hoping for ...Rxd2!} 21. Nh3 Bb2 (21... Ne6 $142) 22. Rb1 $1 $16 (22. b5 $2 Bxc1 23. Nc6+ Kf6 24. Bc3+ Ke6 $19) 22... Bxa3 23. b5 Nc5 24. Nc6+ Kd7 25. Nxd8 Rxd8 26. Be2 {[%emt 0:01:37] And now Bc3 would win.} Kc8 27. Bc1 Bxc1 28. Rxc1 N7e6 {[%emt 0:00:19] Prevents Nf4.} 29. O-O Kc7 30. Bd1 {[%emt 0:01:26] aiming for Bxa4.} Kb6 (30... Bb3 $16 31. f3 e3) 31. Bxa4 $18 Nxa4 32. Rfd1 {[%emt 0:00:53] Rxd8 is the strong threat.} Nd4 33. Nf4 $2 (33. Ra1 $18) 33... Kc5 ({Black should try} 33... Nb2 $14 34. Rd2 Nd3 35. Nxd3 Nb3 36. c5+ Kb7 37. c6+ Kc8) 34. Re1 f5 (34... Nb3 $142) 35. Ra1 Nb2 36. Rxa7 {[%emt 0:01:44] Strongly threatening Rb1.} g5 (36... Nd3 $142) 37. Rb1 (37. Rxh7 gxf4 38. Rb1 (38. Rc7+ $2 Kb6 $19) 38... f3 $17) (37. Rc7+ $142 Kb6 38. Ne6 $1 (38. Rxh7 gxf4 39. c5+ Kxc5 $17) 38... Nxe6 39. Rc6+ Kb7 40. Rxe6) 37... gxf4 38. Rxb2 {[%emt 0:00:05][%mdl 4096] Endgame KRR-KRN} e3 $2 (38... Ne2+ 39. Kf1 Nc1 40. Rc7+ Kb6 41. Rc6+ Kb7) 39. fxe3 fxe3 40. Rc7+ Kb6 41. Re7 f4 42. Kf1 Ra8 43. Rb1 {[%emt 0:00:49] Prevents Ra1.} Ra2 44. Re4 $2 (44. c5+ Kxc5 45. b6 (45. Rxh7 f3 $15) 45... Rf2+ 46. Kg1 Ne2+ 47. Kh1) 44... Rf2+ {[%emt 0:01:20] [#]} 45. Kg1 $1 Rd2 (45... Ne2+ $142 46. Kh1 Nc3 47. Re6+ Kc5) 46. Re1 Nc2 47. Rb1 (47. Rc1 $16) 47... e2 $11 48. Re6+ Kb7 49. Re7+ Kc8 50. Rxe2 Rxe2 $15 51. g3 $2 {[%emt 0:00:26][%mdl 8192] [#]} ({White should play} 51. Rb2 $15) 51... f3 $1 $19 {[%emt 0:01:28] ( -> ...Ne3)} ({And not} 51... Ne3 52. gxf4 Kb7 53. Rb3 $17) 52. Rb3 (52. Rf1 $142 Rg2+ 53. Kh1) 52... Ne3 {[%emt 0:00:33] Weighted Error Value: White=0.68/Black=0.29 (precise)} 0-1

[Event "IV Estrellas 2022"]
[Site "La Palma"]
[Date "2022.08.08"]
[Round "4.5"]
[White "Martinez Reyes, Pedro Ramon"]
[Black "Roeder, Matthias"]
[Result "1/2-1/2"]
[ECO "B90"]
[WhiteElo "2408"]
[BlackElo "2357"]
[Annotator "RC"]
[PlyCount "127"]
[EventDate "2022.08.06"]
[EventType "swiss"]
[EventCountry "ESP"]
[SourceTitle "playchess.com"]
[Source "ChessBase"]
[SourceQuality "1"]
[TimeControl "5400+30"]

1. e4 c5 2. Nf3 d6 3. d4 cxd4 4. Nxd4 Nf6 5. Nc3 a6 6. Be3 e5 7. Nb3 Be6 8. f3 h5 9. Qd2 Nbd7 10. O-O-O Rc8 11. Kb1 Qc7 12. Rc1 Nb6 13. h3 h4 14. Qf2 Nfd7 15. f4 exf4 16. Bd4 Nc4 17. Nd5 Bxd5 18. exd5 Nce5 19. Qxf4 Be7 20. Bd3 g6 21. Rhf1 Qd8 22. Rce1 O-O 23. Be2 Bg5 24. Qf2 b5 25. Rd1 Qc7 26. c3 Rce8 27. Rfe1 Qd8 28. Ka1 f5 29. Ba7 Nf6 30. Nd4 Ne4 31. Qg1 Qd7 32. Ne6 Rxe6 33. dxe6 Qxe6 34. Qb6 Bd2 35. Rxd2 Nxd2 36. Rd1 Nec4 37. Qf2 Qe4 38. Bxc4+ Nxc4 39. Re1 Qd3 40. Bd4 Qd2 41. Qxd2 Nxd2 42. Re7 Rf7 43. Re8+ Rf8 44. Re6 Ne4 45. Rxg6+ Kf7 46. Rg7+ Ke6 47. Kb1 Kd5 48. Kc2 a5 49. Kd3 a4 50. Ke3 f4+ 51. Kf3 b4 52. Rb7 bxc3 53. bxc3 Nd2+ 54. Kg4 Rg8+ 55. Rg7 Rb8 56. Ra7 Rg8+ 57. Kxf4 Rxg2 58. Ra5+ Kc6 59. Rxa4 Rg3 60. Ra6+ Kd5 61. Ra5+ Kc6 62. Ra6+ Kd5 63. Ra5+ Kc6 64. Ra6+ 1/2-1/2

[Event "IV Estrellas 2022"]
[Site "La Palma"]
[Date "2022.08.08"]
[Round "4.6"]
[White "Geske, Julian"]
[Black "Perez Bolanos, Joel"]
[Result "1-0"]
[ECO "C63"]
[WhiteElo "2386"]
[BlackElo "2036"]
[Annotator "RC"]
[PlyCount "129"]
[EventDate "2022.08.06"]
[EventType "swiss"]
[EventCountry "ESP"]
[SourceTitle "playchess.com"]
[Source "ChessBase"]
[SourceQuality "1"]
[TimeControl "5400+30"]

1. e4 e5 2. Nf3 Nc6 3. Bb5 f5 4. d3 fxe4 5. dxe4 Nf6 6. O-O Bc5 7. Bxc6 bxc6 8. Nxe5 O-O 9. Nc3 d6 10. Na4 Qe8 11. Nd3 Bd4 12. c3 Bb6 13. Nxb6 axb6 14. f3 Be6 15. Qc2 Qf7 16. Bg5 Bxa2 17. Bxf6 Bb3 18. Qd2 Qxf6 19. Nb4 c5 20. Nd5 Qf7 21. Qd3 Bxd5 22. Qxd5 Qxd5 23. exd5 Rfe8 24. Kf2 Kf7 25. f4 Ke7 26. Rfe1+ Kd7 27. Rxe8 Rxe8 28. g4 h5 29. g5 b5 30. Kf3 b4 31. cxb4 cxb4 32. Ra4 Re1 33. Rxb4 Rf1+ 34. Ke4 g6 35. Rb8 Re1+ 36. Kf3 Ke7 37. Rg8 Kf7 38. Rc8 Rc1 39. b4 Rc4 40. b5 Rc5 41. Ke4 Rc4+ 42. Ke3 Rc3+ 43. Kd4 Rc5 44. b6 cxb6 45. Rc6 Ke7 46. Rxb6 Rc7 47. Rb8 Ra7 48. Rc8 Rb7 49. Kc4 Rb2 50. Rc7+ Ke8 51. Rg7 Rxh2 52. Rxg6 Rf2 53. Re6+ Kd7 54. Rf6 h4 55. Kd3 h3 56. Ke4 h2 57. Rf7+ Ke8 58. Rh7 Kf8 59. Kf5 Kg8 60. g6 Kf8 61. Kg5 Kg8 62. f5 Rg2+ 63. Kf6 Re2 64. Rd7 Re8 65. Rg7+ 1-0

[Event "IV Estrellas 2022"]
[Site "La Palma"]
[Date "2022.08.08"]
[Round "4.7"]
[White "Del Rey, Diego"]
[Black "Pierrot, Facundo"]
[Result "1/2-1/2"]
[ECO "B01"]
[WhiteElo "2358"]
[BlackElo "2371"]
[Annotator "RC"]
[PlyCount "35"]
[EventDate "2022.08.06"]
[EventType "swiss"]
[EventCountry "ESP"]
[SourceTitle "playchess.com"]
[Source "ChessBase"]
[SourceQuality "1"]
[TimeControl "5400+30"]

1. e4 d5 2. exd5 Qxd5 3. Nc3 Qd8 4. d4 Nf6 5. Nf3 c6 6. Be2 Bf5 7. O-O e6 8. Ne5 h6 9. Be3 Nbd7 10. Nxd7 Qxd7 11. Bd3 Bxd3 12. Qxd3 Be7 13. Rad1 O-O 14. Ne4 Nxe4 15. Qxe4 Qd5 16. Qxd5 exd5 17. Rfe1 Rfe8 18. f3 1/2-1/2

[Event "IV Estrellas 2022"]
[Site "La Palma"]
[Date "2022.08.08"]
[Round "4.8"]
[White "Pap, Misa"]
[Black "Cubas Cabrera, Angel Luis"]
[Result "1/2-1/2"]
[ECO "C65"]
[WhiteElo "2375"]
[BlackElo "2207"]
[Annotator "RC"]
[PlyCount "153"]
[EventDate "2022.08.06"]
[EventType "swiss"]
[EventCountry "ESP"]
[SourceTitle "playchess.com"]
[Source "ChessBase"]
[SourceQuality "1"]
[TimeControl "5400+30"]

1. e4 e5 2. Nf3 Nc6 3. Bb5 Nf6 4. d3 Bd6 5. c3 O-O 6. O-O Re8 7. Nbd2 a6 8. Ba4 b5 9. Bc2 Bf8 10. a4 Bb7 11. Re1 d5 12. exd5 Nxd5 13. Ne4 h6 14. Bd2 Nb8 15. axb5 axb5 16. Rxa8 Bxa8 17. d4 Nc6 18. Bb3 Nb6 19. Qe2 Na5 20. Bc2 Nac4 21. Bc1 exd4 22. Nf6+ Qxf6 23. Qxe8 Bxf3 24. gxf3 dxc3 25. bxc3 Qxc3 26. Qe4 g6 27. Rd1 Nd6 28. Qe2 Nbc4 29. Bf4 Qf6 30. Bg3 h5 31. h4 Qc3 32. Bd3 b4 33. Bf4 Qd4 34. Bg5 Nb2 35. Rd2 Nxd3 36. Rxd3 Qc4 37. Bf6 Qe6 38. Qe5 Qxe5 39. Bxe5 Be7 40. Rd4 Nf5 41. Rd7 c5 42. Rc7 f6 43. Bf4 Kf7 44. Be3 Nxe3 45. fxe3 Ke6 46. Kf2 f5 47. Ke2 Kd6 48. Rb7 Bxh4 49. Kd3 Ke6 50. Rg7 Bf6 51. Rxg6 b3 52. Kc4 b2 53. Rg1 Kd6 54. Rd1+ Kc6 55. Kb3 h4 56. Kc2 c4 57. e4 fxe4 58. fxe4 c3 59. Rd5 Be7 60. Rh5 Kd6 61. Rf5 Ke6 62. Kb1 Bf6 63. Kc2 Be5 64. Rh5 Bf6 65. Rf5 Be5 66. Rh5 Bg3 67. Kb1 Kf6 68. e5+ Ke6 69. Kc2 Kd5 70. Rg5 Ke6 71. Rh5 Bf2 72. Kb1 Be1 73. Kc2 Bg3 74. Kb1 Kf7 75. Rg5 Ke6 76. Rh5 Kd5 77. Kc2 1/2-1/2

[Event "IV Estrellas 2022"]
[Site "La Palma"]
[Date "2022.08.08"]
[Round "4.9"]
[White "Martinez Duany, Lelys Stanley"]
[Black "Lopez Pereyra, Antonio"]
[Result "1-0"]
[ECO "B20"]
[WhiteElo "2497"]
[BlackElo "1989"]
[Annotator "TA"]
[PlyCount "105"]
[EventDate "2022.08.06"]
[EventType "swiss"]
[EventCountry "ESP"]
[SourceTitle "playchess.com"]
[Source "ChessBase"]
[SourceQuality "1"]
[TimeControl "5400+30"]

1. e4 c5 2. Ne2 Nc6 3. g3 d5 4. Bg2 dxe4 5. Bxe4 Nf6 6. Bg2 {[%emt 0:00:06] B20: Sicilian: Unusual White 2nd moves.} Bg4 {[%emt 0:01:09] next ...Nd4 is good for Black.} 7. h3 Bh5 8. d3 {[%emt 0:00:35] The position is equal.} e6 9. Nbc3 Be7 10. Be3 O-O {[%emt 0:01:20] [#]} 11. g4 $146 ({Predecessor:} 11. O-O Qd7 12. g4 Bg6 13. f4 Nd4 14. Ng3 h6 15. Qd2 Rad8 16. Qf2 b6 17. Rae1 {0-1 (32) Bartel,M (2316)-Gritsak,O (2516) Warsaw 2013}) 11... Bg6 12. Nf4 Nd7 13. Nxg6 hxg6 14. h4 Bf6 (14... Qb6 $11 {remains equal.}) 15. g5 Bd4 16. h5 {[%emt 0:02:35] Black must now prevent hxg6.} Bxe3 17. fxe3 Qxg5 18. Qe2 {[%emt 0:00:21] Hoping for Bxc6.} Qg3+ 19. Kd2 {[%emt 0:00:06] Bxc6 is the strong threat.} c4 (19... g5 $14) 20. d4 {[%emt 0:10:30] aiming for Bxc6.} Qg5 (20... g5 $16 {might work better.}) 21. Bxc6 $18 bxc6 22. Rag1 (22. Qxc4 gxh5 23. Rag1 Qf5 $11) 22... Qf5 23. hxg6 (23. Qxc4 gxh5 24. Rf1 Qg5 $11) 23... fxg6 24. Rf1 {[%emt 0:00:35] Prevents Qf2.} (24. Qxc4 $6 c5 $16) 24... Qg5 25. Qh2 $40 {[%emt 0:00:23][%csl Gh1][%cal Rh2h7][%mdl 128] White attacks with force.} (25. Qxc4 $6 Qg2+ 26. Kc1 Rxf1+ 27. Rxf1 Re8 $16) 25... Nf6 {[%emt 0:02:43] [#] Inhibits Qh7+.} 26. Rxf6 $1 {[%emt 0:05:01][%mdl 576] Decoy} Rxf6 27. Ne4 $1 (27. Qh8+ $2 Kf7 28. Qxa8 Qg2+ 29. Ne2 Qxh1 $19) 27... Qa5+ 28. c3 $2 {[%emt 0:00:11] The board is on fire.} (28. Kc1 $1 $18 Qh5 29. Qxh5 (29. Nxf6+ gxf6 30. Qxh5 gxh5 $16) 29... gxh5 30. Nxf6+ gxf6 31. Rxh5) 28... Qh5 $11 {[%emt 0:00:14] Inhibits Qh8+.} 29. Nxf6+ gxf6 {[%emt 0:00:01][%mdl 4096] Endgame KQR-KQR} 30. Qg2 Qf5 31. Kc1 Rd8 {[%emt 0:08:50] [#]} (31... Rf8 $11) 32. b3 ({Don't play} 32. Qxc6 $6 Qd5 33. Qxd5 exd5 $11) (32. Qh2 Qh5 $14) (32. a4 $1 $16) 32... c5 $2 {[%emt 0:06:29][%mdl 8192] A mistake that costs the game.} (32... e5 $14) 33. Qh2 (33. Rh6 $142 cxb3 34. Rxg6+ Kh7 35. Rg7+ Kh8 36. Rxa7 Qc2+ 37. Qxc2 bxc2 38. dxc5) 33... Qh5 $18 34. Qxh5 gxh5 35. dxc5 ({Not} 35. bxc4 Rc8 $14) ({Less strong is} 35. Rxh5 cxd4 36. exd4 cxb3 $14) 35... cxb3 $2 (35... Rd5 {was called for.}) 36. axb3 {[%emt 0:00:06][%cal Ba2b3,Bb3b4,Bb4b5][%mdl 32] KR-KR} Rd5 {[%emt 0:00:28] [#]} 37. b4 Kf7 38. Kc2 Kg6 39. e4 Rd7 40. Rg1+ Kh6 $2 (40... Kf7 41. Rh1 Kg6) 41. c6 {[%emt 0:00:09] White is clearly winning.} Rc7 42. b5 h4 43. Kd3 f5 44. Ke3 {[%emt 0:01:14] Threatens to win with exf5.} Kh5 45. exf5 exf5 46. Kf4 h3 47. Rg8 {[%emt 0:00:14] Strongly threatening Rh8+.} Kh6 48. Rh8+ Kg7 49. Rxh3 Kg6 50. c4 Re7 51. Re3 Rxe3 52. Kxe3 {[%emt 0:00:09] White wants to mate with Kf4.} Kf6 53. c7 {[%emt 0:49:42] Weighted Error Value: White=0.43/Black=0.64} 1-0

[Event "IV Estrellas 2022"]
[Site "La Palma"]
[Date "2022.08.08"]
[Round "4.10"]
[White "Diaz Perez, Michel Alejandro"]
[Black "Antic, Dejan"]
[Result "1-0"]
[ECO "A47"]
[WhiteElo "2433"]
[BlackElo "2452"]
[Annotator "RC"]
[PlyCount "78"]
[EventDate "2022.08.06"]
[EventType "swiss"]
[EventCountry "ESP"]
[SourceTitle "playchess.com"]
[Source "ChessBase"]
[SourceQuality "1"]
[TimeControl "5400+30"]

1. d4 Nf6 2. Bf4 e6 3. e3 c5 4. c3 cxd4 5. exd4 b6 6. Nf3 Bb7 7. h3 Be7 8. Nbd2 O-O 9. Bd3 d6 10. O-O Nbd7 11. a4 a6 12. Re1 Re8 13. Bh2 Bf8 14. Nc4 Qc7 15. Ne3 Rad8 16. Qe2 Qc8 17. Nc4 Qb8 18. Rad1 Bc6 19. b3 Bb7 20. Ncd2 Qa8 21. Bb1 g6 22. c4 d5 23. Qd3 Bb4 24. Re3 dxc4 25. bxc4 Bc6 26. Qb3 a5 27. Bd3 Qb7 28. Bf1 Ne4 29. Nxe4 Bxe4 30. Ng5 Bc6 31. d5 Nc5 32. dxc6 Qe7 33. Qc2 Qxg5 34. Be2 Rxd1+ 35. Qxd1 Rd8 36. c7 Rc8 37. Bf3 Qe7 38. Qd4 Nxa4 39. Rd3 Nc5 1-0

[Event "IV Estrellas 2022"]
[Site "La Palma"]
[Date "2022.08.08"]
[Round "4.11"]
[White "Ramirez Maillo, Cristian"]
[Black "Acosta Sosa, Juan Manuel"]
[Result "1/2-1/2"]
[ECO "B22"]
[WhiteElo "1896"]
[BlackElo "2310"]
[Annotator "RC"]
[PlyCount "78"]
[EventDate "2022.08.06"]
[EventType "swiss"]
[EventCountry "ESP"]
[SourceTitle "playchess.com"]
[Source "ChessBase"]
[SourceQuality "1"]
[TimeControl "5400+30"]

1. e4 c5 2. c3 d5 3. exd5 Qxd5 4. d4 Nc6 5. Nf3 Bf5 6. Be3 Nf6 7. Na3 e6 8. Bc4 Qd7 9. Bb5 Ng4 10. Qa4 a6 11. O-O-O Qc8 12. Bxc6+ Qxc6 13. Qxc6+ bxc6 14. Nc4 Nxe3 15. Nxe3 Be4 16. Ng5 Bg6 17. h4 cxd4 18. Rxd4 c5 19. Ra4 Be7 20. Rd1 Ra7 21. Nc4 O-O 22. Ne5 Rc8 23. Nxg6 hxg6 24. Ne4 Rc6 25. g3 Kf8 26. Nd2 Bf6 27. Nc4 Ke7 28. Na5 Rd6 29. Nb3 Rc6 30. Na5 Rc8 31. Kc2 Rac7 32. Nc4 Rc6 33. Na5 R6c7 34. Nc4 Rc6 35. Na5 Rb6 36. Nc4 Rbc6 37. Ra5 R8c7 38. Ra4 Rd7 39. Na5 Rdc7 1/2-1/2

[Event "IV Estrellas 2022"]
[Site "La Palma"]
[Date "2022.08.08"]
[Round "4.12"]
[White "Brito Garcia, Alfredo"]
[Black "Marin Dorta, Alejandro"]
[Result "1-0"]
[ECO "A43"]
[WhiteElo "2291"]
[BlackElo "1869"]
[Annotator "RC"]
[PlyCount "65"]
[EventDate "2022.08.06"]
[EventType "swiss"]
[EventCountry "ESP"]
[SourceTitle "playchess.com"]
[Source "ChessBase"]
[SourceQuality "1"]
[TimeControl "5400+30"]

1. d4 c5 2. d5 g6 3. e4 Bg7 4. Nc3 d6 5. Nf3 Nf6 6. Bb5+ Bd7 7. a4 O-O 8. O-O Bxb5 9. axb5 Nbd7 10. h3 Ne8 11. Bf4 Nc7 12. Qe2 Nb6 13. Rfd1 Qd7 14. e5 Rfd8 15. Bg3 Qf5 16. Bh4 Re8 17. g4 Qd7 18. Bg3 a6 19. bxa6 Rxa6 20. Rxa6 bxa6 21. Qe4 dxe5 22. Nxe5 Qc8 23. Na4 Nxa4 24. Qxa4 Nb5 25. c3 h5 26. Re1 hxg4 27. hxg4 e6 28. d6 Nxd6 29. Nxg6 Nb5 30. Nf4 Rd8 31. Nh5 Qc6 32. Qf4 Rd5 33. Nxg7 1-0

[Event "IV Estrellas 2022"]
[Site "La Palma"]
[Date "2022.08.08"]
[Round "4.13"]
[White "Estremera Panos, Sergio"]
[Black "Gil Jimenez, Ruben"]
[Result "1-0"]
[ECO "A44"]
[WhiteElo "2262"]
[BlackElo "1675"]
[Annotator "RC"]
[PlyCount "39"]
[EventDate "2022.08.06"]
[EventType "swiss"]
[EventCountry "ESP"]
[SourceTitle "playchess.com"]
[Source "ChessBase"]
[SourceQuality "1"]
[TimeControl "5400+30"]

1. d4 c5 2. d5 e5 3. e4 d6 4. Nc3 g6 5. h4 Nf6 6. Bb5+ Bd7 7. a4 Qa5 8. Bd2 Na6 9. Qf3 Be7 10. Bxd7+ Nxd7 11. h5 g5 12. Nge2 f6 13. O-O O-O-O 14. Ng3 Rhg8 15. Nf5 Rde8 16. Qe2 Qb6 17. Nb5 Ndb8 18. a5 Qd8 19. Nxa7+ Kd7 20. Qg4 1-0

[Event "IV Estrellas 2022"]
[Site "La Palma"]
[Date "2022.08.08"]
[Round "4.14"]
[White "Perogio, Lorenzo"]
[Black "Capote Robayna, Nathaniel"]
[Result "0-1"]
[ECO "A15"]
[WhiteElo "1890"]
[BlackElo "2150"]
[Annotator "RC"]
[PlyCount "81"]
[EventDate "2022.08.06"]
[EventType "swiss"]
[EventCountry "ESP"]
[SourceTitle "playchess.com"]
[Source "ChessBase"]
[SourceQuality "1"]
[TimeControl "5400+30"]

1. Nf3 Nf6 2. g3 g6 3. b3 Bg7 4. Bb2 O-O 5. Bg2 d6 6. O-O e5 7. d3 Nc6 8. c4 a6 9. Nbd2 Rb8 10. Qc2 Re8 11. a3 d5 12. cxd5 Nxd5 13. e4 Nb6 14. Nc4 Nd7 15. Rad1 Nf8 16. Ne3 Be6 17. Nd5 Rc8 18. b4 Bg4 19. h3 Bxf3 20. Bxf3 h5 21. h4 Ne6 22. Bg2 Ncd4 23. Qb1 c6 24. Ne3 a5 25. Nc2 axb4 26. Nxd4 exd4 27. axb4 Qb6 28. Bc1 Ra8 29. Bd2 Ra3 30. Bh3 Nc7 31. Bf4 Nb5 32. Qb2 Bf8 33. g4 hxg4 34. Bxg4 Ra4 35. h5 Rxb4 36. Qd2 Nc3 37. hxg6 fxg6 38. Bh6 Qd8 39. Bxf8 Qh4 40. Qh6 Qxg4+ 41. Kh1 0-1

[Event "IV Estrellas 2022"]
[Site "La Palma"]
[Date "2022.08.08"]
[Round "4.15"]
[White "Perez Bolanos, David"]
[Black "Gil Jimenez, David"]
[Result "1-0"]
[ECO "C00"]
[WhiteElo "2041"]
[BlackElo "1871"]
[Annotator "NA RC"]
[PlyCount "61"]
[EventDate "2022.08.06"]
[EventType "swiss"]
[EventCountry "ESP"]
[SourceTitle "playchess.com"]
[Source "ChessBase"]
[SourceQuality "1"]
[TimeControl "5400+30"]

1. e4 e6 2. Qe2 c5 3. Nf3 Nc6 4. c3 Nf6 5. g3 Be7 6. Bg2 d5 7. d3 O-O 8. O-O Re8 9. e5 Nd7 10. Re1 Rb8 11. h4 f6 12. d4 cxd4 13. cxd4 fxe5 14. dxe5 Nf8 15. Nbd2 b6 16. Nb3 Nb4 17. Bg5 Ba6 18. Qd2 Rc8 19. Nbd4 Nc6 20. Nxc6 Rxc6 21. Rac1 Rxc1 22. Rxc1 Bxg5 23. hxg5 Ng6 24. Bh3 Qd7 25. Nd4 Nxe5 26. Re1 Qd6 27. Qf4 Nc4 28. Qxd6 Nxd6 29. Rxe6 Rd8 30. Nc6 Rd7 31. Nb8 1-0

[Event "IV Estrellas 2022"]
[Site "La Palma"]
[Date "2022.08.08"]
[Round "4.16"]
[White "Guerrero Orihuela, Jose Luis"]
[Black "Amador Garcia, Ismael"]
[Result "0-1"]
[ECO "A45"]
[WhiteElo "1858"]
[BlackElo "2128"]
[Annotator "RC"]
[PlyCount "74"]
[EventDate "2022.08.06"]
[EventType "swiss"]
[EventCountry "ESP"]
[SourceTitle "playchess.com"]
[Source "ChessBase"]
[SourceQuality "1"]
[TimeControl "5400+30"]

1. d4 Nf6 2. Bg5 c5 3. Bxf6 gxf6 4. c3 Qb6 5. Qd2 d5 6. Nf3 Nc6 7. e3 Bh6 8. dxc5 Qxc5 9. b4 Qd6 10. Bb5 Bg4 11. Na3 O-O 12. Bxc6 bxc6 13. c4 a5 14. c5 Qd7 15. Nc2 axb4 16. Nxb4 e5 17. O-O Kh8 18. Ne1 d4 19. Nec2 d3 20. Qxd3 Qxd3 21. Nxd3 Be2 22. Ndb4 Bxf1 23. Kxf1 Rfc8 24. e4 Bf8 25. Nd3 Ra5 26. a4 Bxc5 27. Nxc5 Rxc5 28. Ne3 Ra8 29. Rd1 Rca5 30. Rd6 Rxa4 31. Rxc6 Rxe4 32. Rxf6 Kg7 33. Rf5 Kg6 34. g4 Ra1+ 35. Kg2 Rxg4+ 36. Kf3 Rg5 37. Rxg5+ Kxg5 0-1

[Event "IV Estrellas 2022"]
[Site "La Palma"]
[Date "2022.08.08"]
[Round "4.17"]
[White "Martin Ramos, Daniel"]
[Black "Sosa Suarez, Carla Cristina"]
[Result "1/2-1/2"]
[ECO "C13"]
[WhiteElo "1582"]
[BlackElo "2125"]
[Annotator "RC"]
[PlyCount "132"]
[EventDate "2022.08.06"]
[EventType "swiss"]
[EventCountry "ESP"]
[SourceTitle "playchess.com"]
[Source "ChessBase"]
[SourceQuality "1"]
[TimeControl "5400+30"]

1. e4 e6 2. d4 d5 3. Nc3 Nf6 4. Bg5 dxe4 5. Bxf6 gxf6 6. d5 Bb4 7. Qd2 Bxc3 8. Qxc3 exd5 9. O-O-O Be6 10. f3 Nd7 11. fxe4 dxe4 12. Qb4 f5 13. Qxb7 Rb8 14. Qxa7 Ra8 15. Qd4 Qg5+ 16. Rd2 O-O 17. a3 Rfd8 18. Nh3 Qh6 19. Kb1 Nc5 20. Qxd8+ Rxd8 21. Rxd8+ Kg7 22. g3 Qe3 23. Bb5 Nb7 24. Rdd1 Nd6 25. Ba6 Qb6 26. Be2 Nb5 27. Bxb5 Qxb5 28. Nf4 Qc4 29. Nxe6+ Qxe6 30. Rhf1 h5 31. Rf2 Kg6 32. Rdf1 e3 33. Re2 Qe4 34. Rfe1 f4 35. gxf4 Qxf4 36. h3 Kg5 37. Rxe3 Kf6 38. Rc3 Qf2 39. Ree3 Qg1+ 40. Ka2 Qh2 41. a4 Qd6 42. b3 Kg5 43. Rc4 f5 44. h4+ Kf6 45. Rec3 Ke5 46. Rc5+ Kf4 47. R3c4+ Ke3 48. Rxf5 Kd2 49. Rxh5 Kc1 50. Rhc5 Qf6 51. Rc3 Qxh4 52. Rxc7 Qf6 53. Ka3 Qd6+ 54. R7c5 Qe7 55. a5 Qa7 56. b4 Qa6 57. Ka4 Kb2 58. b5 Qe6 59. Rb3+ Ka2 60. Rcc3 Qe5 61. Rd3 Qc5 62. Rb4 Qxc2+ 63. Rdb3 Ka1 64. Rh4 Ka2 65. Rhb4 Ka1 66. b6 Qc6+ 1/2-1/2

[Event "IV Estrellas 2022"]
[Site "La Palma"]
[Date "2022.08.08"]
[Round "4.18"]
[White "Cruz Gomez, Isidro"]
[Black "Pleschke, Julius Jonas"]
[Result "1/2-1/2"]
[ECO "D30"]
[WhiteElo "2089"]
[BlackElo "1685"]
[Annotator "NA RC"]
[PlyCount "106"]
[EventDate "2022.08.06"]
[EventType "swiss"]
[EventCountry "ESP"]
[SourceTitle "playchess.com"]
[Source "ChessBase"]
[SourceQuality "1"]
[TimeControl "5400+30"]

1. d4 d5 2. c4 c6 3. e3 Nf6 4. Nf3 e6 5. b3 Nbd7 6. Bd3 Be7 7. Bb2 O-O 8. Nbd2 b6 9. O-O Bb7 10. e4 dxe4 11. Nxe4 Nxe4 12. Bxe4 Nf6 13. Bc2 c5 14. Ne5 cxd4 15. Bxd4 Qc7 16. Qe2 Rad8 17. Rad1 Bc5 18. Bb2 Rxd1 19. Rxd1 Rd8 20. Ng4 Rxd1+ 21. Qxd1 Nxg4 22. Qxg4 Bf8 23. h4 Qd6 24. Qh5 h6 25. Qe2 Qc6 26. f3 Qd6 27. Qd3 Qxd3 28. Bxd3 Bd6 29. Kf2 f6 30. a3 Bc5+ 31. Ke2 a5 32. h5 e5 33. Be4 Bxe4 34. fxe4 Kf7 35. Bc1 Bd6 36. Kd3 Ke6 37. g4 Bc5 38. Kc2 Kd7 39. Kb2 Bd4+ 40. Ka2 Kc6 41. b4 a4 42. Bd2 b5 43. c5 Kb7 44. Kb1 Kc6 45. Kc2 Kb7 46. Bc1 Kc6 47. Kd3 Kb7 48. Ke2 Kc6 49. Kf3 Kb7 50. g5 fxg5 51. Kg4 Kc6 52. Kf5 g4 53. Kxg4 Kd7 1/2-1/2

[Event "IV Estrellas 2022"]
[Site "La Palma"]
[Date "2022.08.09"]
[Round "5.1"]
[White "Baskin, Robert"]
[Black "Del Rio De Angelis, Salvador G."]
[Result "1-0"]
[ECO "B80"]
[WhiteElo "2408"]
[BlackElo "2442"]
[Annotator "RC"]
[PlyCount "73"]
[EventDate "2022.08.06"]
[EventType "swiss"]
[EventCountry "ESP"]
[SourceTitle "playchess.com"]
[Source "ChessBase"]
[SourceQuality "1"]
[TimeControl "5400+30"]

1. e4 c5 2. Nc3 e6 3. Nf3 a6 4. g3 d6 5. d4 cxd4 6. Nxd4 Nf6 7. Bg2 Be7 8. O-O Qc7 9. a4 Nc6 10. Nxc6 bxc6 11. b3 O-O 12. Ba3 Bb7 13. Re1 c5 14. Qe2 Nd7 15. Rad1 Rfe8 16. Bc1 Ne5 17. f4 Nc6 18. Be3 Nb4 19. Nb1 d5 20. c3 Nc6 21. exd5 exd5 22. Rxd5 Na5 23. Re5 Bd6 24. Rxe8+ Rxe8 25. Nd2 Bf8 26. Bxb7 Qxb7 27. Nc4 Nxb3 28. Qd1 Re4 29. Qd3 Qe7 30. Ne5 Rxa4 31. Bf2 c4 32. Nxc4 Ra1 33. Rxa1 Nxa1 34. Ne5 Qb7 35. Qd8 Qe7 36. Qd1 Qa3 37. Qd5 1-0

[Event "IV Estrellas 2022"]
[Site "La Palma"]
[Date "2022.08.09"]
[Round "5.2"]
[White "Pulvett Marin, Daniel Eduardo"]
[Black "Geske, Julian"]
[Result "1/2-1/2"]
[ECO "D17"]
[WhiteElo "2523"]
[BlackElo "2386"]
[Annotator "RC"]
[PlyCount "63"]
[EventDate "2022.08.06"]
[EventType "swiss"]
[EventCountry "ESP"]
[SourceTitle "playchess.com"]
[Source "ChessBase"]
[SourceQuality "1"]
[TimeControl "5400+30"]

1. d4 d5 2. c4 c6 3. Nf3 Nf6 4. Nc3 dxc4 5. a4 Bf5 6. Ne5 Nbd7 7. Nxc4 Qc7 8. g3 e5 9. dxe5 Nxe5 10. Bf4 Nfd7 11. Bg2 g5 12. Ne3 gxf4 13. Nxf5 O-O-O 14. Qc2 fxg3 15. hxg3 a5 16. O-O Nc5 17. Rfd1 h5 18. Rxd8+ Qxd8 19. Rd1 Qf6 20. e3 Kb8 21. Ne2 Ng6 22. Ned4 h4 23. Qc3 Be7 24. Qxa5 hxg3 25. fxg3 Ne5 26. Rc1 Nb3 27. Nxb3 Qxf5 28. Nc5 Nf3+ 29. Bxf3 Bxc5 30. Qxc5 Qxf3 31. Qe5+ Ka7 32. Qa5+ 1/2-1/2